TOP OF THE 1ST |
Chicago (NYP) White Sox batting - Pitching for Minnesota (NYP) Twins : RHP Glen Dutton
|
Pitching: RHP Glen Dutton
|
|
Batting: RHB Bastiaan Leenders
|
0-0: Ball 1-0: Foul Ball, location: 2F 1-1: Swinging Strike 1-2: Ball 2-2: Ground out 5-3 (Groundball, 56S, EV 64.4 MPH)
|
Batting: SHB Veit Geisler
|
0-0: Swinging Strike 0-1: Called Strike 0-2: Ball 1-2: Foul Ball, location: 2F 1-2: Strikes out swinging
|
Batting: RHB Tony Garcia
|
0-0: Ground out 6-3 (Groundball, 6, EV 85.0 MPH)
|
Top of the 1st over - 0 runs, 0 hits, 0 errors, 0 left on base; Chicago (NYP) 0 - Minnesota (NYP) 0 |
BOTTOM OF THE 1ST |
Minnesota (NYP) Twins batting - Pitching for Chicago (NYP) White Sox : LHP Dan Clausing
|
Pitching: LHP Dan Clausing
|
|
Batting: RHB David McClellan
|
0-0: Ball 1-0: Ground out U3 (Groundball, 34, EV 101.9 MPH)
|
Batting: RHB Sergio Gomez
|
0-0: Called Strike 0-1: Called Strike 0-2: Strikes out swinging
|
Batting: LHB Tomas Espino
|
0-0: Called Strike 0-1: Hit by Pitch
|
Batting: RHB Steve Terrell
|
0-0: Ball 1-0: Swinging Strike 1-1: Ground out 5-3 (Groundball, 5S, EV 79.4 MPH)
|
Bottom of the 1st over - 0 runs, 0 hits, 0 errors, 1 left on base; Chicago (NYP) 0 - Minnesota (NYP) 0 |
TOP OF THE 2ND |
Chicago (NYP) White Sox batting - Pitching for Minnesota (NYP) Twins : RHP Glen Dutton
|
Batting: SHB Andres Agudo
|
0-0: Called Strike 0-1: Called Strike 0-2: Ball 1-2: Ball 2-2: Ball 3-2: Strikes out swinging
|
Batting: SHB Manny Berrones
|
0-0: Ball 1-0: Ball 2-0: Swinging Strike 2-1: Foul Ball, location: 2F 2-2: Foul Ball, location: 2F 2-2: Strikes out swinging
|
Batting: RHB Tyrell Camp
|
0-0: Swinging Strike 0-1: Foul Ball, location: 2F 0-2: Strikes out looking
|
Top of the 2nd over - 0 runs, 0 hits, 0 errors, 0 left on base; Chicago (NYP) 0 - Minnesota (NYP) 0 |
BOTTOM OF THE 2ND |
Minnesota (NYP) Twins batting - Pitching for Chicago (NYP) White Sox : LHP Dan Clausing
|
Batting: RHB Pat Adams
|
0-0: Called Strike 0-1: Ball 1-1: Foul Ball, location: 2F 1-2: Strikes out swinging
|
Batting: RHB Alexandre Garcia
|
0-0: Ball 1-0: Foul Ball, location: 2F 1-1: Ball 2-1: Swinging Strike 2-2: Strikes out swinging
|
Batting: LHB Jose Hilario
|
0-0: Ball 1-0: Fly out, F9 (Flyball, 9D, EV 100.0 MPH)
|
Bottom of the 2nd over - 0 runs, 0 hits, 0 errors, 0 left on base; Chicago (NYP) 0 - Minnesota (NYP) 0 |
TOP OF THE 3RD |
Chicago (NYP) White Sox batting - Pitching for Minnesota (NYP) Twins : RHP Glen Dutton
|
Batting: RHB Kunimatsu Oya
|
0-0: Called Strike 0-1: Ball 1-1: SINGLE (Line Drive, 56, EV 99.4 MPH)
|
Batting: RHB Yorkis Saiki
|
0-0: Ball 1-0: Fly out, F8 (Flyball, 8LXD, EV 95.6 MPH)
|
Batting: SHB Noah Long
|
0-0: Swinging Strike 0-1: Fielders Choice at 2nd, 6-4 (Groundball, 6, EV 85.0 MPH)
|
Batting: RHB Bastiaan Leenders
|
0-0: Ball 1-0: Foul Ball, location: 2F 1-1: Ball 2-1: Ball 3-1: Base on Balls Noah Long to second
|
Batting: SHB Veit Geisler
|
0-0: Swinging Strike 0-1: Foul Ball, location: 2F 0-2: Ball 1-2: Foul Ball, location: 2F 1-2: Ball 2-2: Ball 3-2: Foul Ball, location: 2F 3-2: Strikes out swinging
|
Top of the 3rd over - 0 runs, 1 hit, 0 errors, 2 left on base; Chicago (NYP) 0 - Minnesota (NYP) 0 |
BOTTOM OF THE 3RD |
Minnesota (NYP) Twins batting - Pitching for Chicago (NYP) White Sox : LHP Dan Clausing
|
Batting: SHB Juan Aguilar
|
0-0: Foul Ball, location: 2F 0-1: Called Strike 0-2: Ball 1-2: Ball 2-2: Fly out, F7 (Flyball, 7, EV 73.8 MPH)
|
Batting: LHB Ben Roth
|
0-0: Ball 1-0: Ball 2-0: Swinging Strike 2-1: Called Strike 2-2: Foul Ball, location: 2F 2-2: Ball 3-2: Strikes out looking
|
Batting: RHB David McClellan
|
0-0: Foul Ball, location: 2F 0-1: DOUBLE (Groundball, 5L, EV 98.1 MPH)
|
Batting: RHB Sergio Gomez
|
0-0: Ball 1-0: Ball 2-0: Foul Ball, location: 2F 2-1: Foul Ball, location: 2F 2-2: Foul Ball, location: 2F 2-2: Ball 3-2: Base on Balls
|
Batting: LHB Tomas Espino
|
0-0: Ball 1-0: Ball 2-0: Ball 3-0: Called Strike 3-1: Swinging Strike 3-2: Base on Balls David McClellan to third Sergio Gomez to second
|
Batting: RHB Steve Terrell
|
0-0: Ball 1-0: Ball 2-0: Called Strike 2-1: Ball 3-1: Called Strike 3-2: Strikes out swinging
|
Bottom of the 3rd over - 0 runs, 1 hit, 0 errors, 3 left on base; Chicago (NYP) 0 - Minnesota (NYP) 0 |
TOP OF THE 4TH |
Chicago (NYP) White Sox batting - Pitching for Minnesota (NYP) Twins : RHP Glen Dutton
|
Batting: RHB Tony Garcia
|
0-0: Foul Ball, location: 2F 0-1: Ball 1-1: Ground out 1-3 (Groundball, 13S, EV 70.6 MPH)
|
Batting: SHB Andres Agudo
|
0-0: Swinging Strike 0-1: Foul Ball, location: 2F 0-2: Strikes out swinging
|
Batting: SHB Manny Berrones
|
0-0: SINGLE (Groundball, 34D, EV 107.5 MPH)
|
Batting: RHB Tyrell Camp
|
0-0: Ball 1-0: Ball 2-0: Called Strike 2-1: Foul Ball, location: 2F 2-2: Ball 3-2: Base on Balls Manny Berrones to second
|
Batting: RHB Kunimatsu Oya
|
0-0: Ball 1-0: Foul Ball, location: 2F 1-1: Called Strike 1-2: Ball 2-2: Strikes out looking
|
Top of the 4th over - 0 runs, 1 hit, 0 errors, 2 left on base; Chicago (NYP) 0 - Minnesota (NYP) 0 |
BOTTOM OF THE 4TH |
Minnesota (NYP) Twins batting - Pitching for Chicago (NYP) White Sox : LHP Dan Clausing
|
Batting: RHB Pat Adams
|
0-0: Ball 1-0: Ball 2-0: Called Strike 2-1: Fly out, F8 (Flyball, 89M, EV 88.1 MPH)
|
Batting: RHB Alexandre Garcia
|
0-0: Ball 1-0: Ball 2-0: Called Strike 2-1: Swinging Strike 2-2: Fly out, F8 (Line Drive, 8LS, EV 92.5 MPH)
|
Batting: LHB Jose Hilario
|
0-0: Called Strike 0-1: SINGLE (Line Drive, 4D, EV 98.8 MPH)
|
Batting: SHB Juan Aguilar
|
0-0: Ball Wild Pitch! Jose Hilario to second 1-0: Fly out, F8 (Line Drive, 89M, EV 89.4 MPH)
|
Bottom of the 4th over - 0 runs, 1 hit, 0 errors, 1 left on base; Chicago (NYP) 0 - Minnesota (NYP) 0 |
TOP OF THE 5TH |
Chicago (NYP) White Sox batting - Pitching for Minnesota (NYP) Twins : RHP Glen Dutton
|
Batting: RHB Yorkis Saiki
|
0-0: Fly out, F9 (Line Drive, 9S, EV 108.1 MPH)
|
Batting: SHB Noah Long
|
0-0: SINGLE (Groundball, 4D, EV 108.1 MPH)
|
Batting: RHB Bastiaan Leenders
|
0-0: Ball 1-0: Called Strike 1-1: Fly out, F6 (Popup, 6, EV 56.9 MPH)
|
Batting: SHB Veit Geisler
|
0-0: Ball 1-0: Foul Ball, location: 2F 1-1: Hit by Pitch Noah Long to second
|
Batting: RHB Tony Garcia
|
0-0: Foul Ball, location: 2F 0-1: Called Strike 0-2: Strikes out swinging
|
Top of the 5th over - 0 runs, 1 hit, 0 errors, 2 left on base; Chicago (NYP) 0 - Minnesota (NYP) 0 |
BOTTOM OF THE 5TH |
Minnesota (NYP) Twins batting - Pitching for Chicago (NYP) White Sox : LHP Dan Clausing
|
Batting: LHB Ben Roth
|
0-0: Ball 1-0: Ball 2-0: Foul Ball, location: 2F 2-1: TRIPLE (Line Drive, 89XD, EV 97.5 MPH)
|
Batting: RHB David McClellan
|
0-0: Called Strike 0-1: Ground out 6-3 (Groundball, 6, EV 105.0 MPH)
|
Batting: RHB Sergio Gomez
|
0-0: Called Strike 0-1: Ball 1-1: Foul Ball, location: 2F 1-2: Ball 2-2: Ball 3-2: Foul Ball, location: 2F 3-2: Strikes out looking
|
Batting: LHB Tomas Espino
|
0-0: Ball 1-0: Ground out U3 (Groundball, 3, EV 83.8 MPH)
|
Bottom of the 5th over - 0 runs, 1 hit, 0 errors, 1 left on base; Chicago (NYP) 0 - Minnesota (NYP) 0 |
TOP OF THE 6TH |
Chicago (NYP) White Sox batting - Pitching for Minnesota (NYP) Twins : RHP Glen Dutton
|
Batting: SHB Andres Agudo
|
0-0: Foul Ball, location: 2F 0-1: Ball 1-1: Ball 2-1: Ball 3-1: Called Strike 3-2: Foul Ball, location: 2F 3-2: Base on Balls
|
Pitching: RHP Chad Brock
|
|
Batting: SHB Manny Berrones
|
0-0: Fly out, F7 (Flyball, 7, EV 73.8 MPH)
|
Batting: RHB Tyrell Camp
|
0-0: Ball 1-0: Foul Ball, location: 2F 1-1: Fly out, F7 (Flyball, 7S, EV 88.8 MPH)
|
Batting: RHB Kunimatsu Oya
|
0-0: Ball 1-0: Called Strike 1-1: Ball 2-1: Fielders Choice at 2nd, 5-4 (Groundball, 5, EV 88.1 MPH)
|
Top of the 6th over - 0 runs, 0 hits, 0 errors, 1 left on base; Chicago (NYP) 0 - Minnesota (NYP) 0 |
BOTTOM OF THE 6TH |
Minnesota (NYP) Twins batting - Pitching for Chicago (NYP) White Sox : LHP Dan Clausing
|
Batting: RHB Steve Terrell
|
0-0: Called Strike 0-1: Foul Ball, location: 2F 0-2: SINGLE (Groundball, 6MD, EV 96.9 MPH)
|
Batting: RHB Pat Adams
|
0-0: Called Strike 0-1: Ball Steve Terrell is caught stealing 2nd base 2-4 1-1: Called Strike 1-2: Strikes out swinging
|
Batting: RHB Alexandre Garcia
|
0-0: Ball 1-0: Swinging Strike 1-1: Ball 2-1: Called Strike 2-2: Ground out 5-3 (Groundball, 5, EV 80.6 MPH)
|
Bottom of the 6th over - 0 runs, 1 hit, 0 errors, 0 left on base; Chicago (NYP) 0 - Minnesota (NYP) 0 |
TOP OF THE 7TH |
Chicago (NYP) White Sox batting - Pitching for Minnesota (NYP) Twins : RHP Chad Brock
|
Batting: RHB Yorkis Saiki
|
0-0: Ball 1-0: Ball 2-0: Called Strike 2-1: Called Strike 2-2: Ball 3-2: Base on Balls
|
Batting: SHB Noah Long
|
0-0: SINGLE (Groundball, 4MD, EV 95.0 MPH) Yorkis Saiki to second
|
Pinch Hitting: LHB Daniel Lopez
|
0-0: Ball 1-0: Swinging Strike 1-1: Swinging Strike 1-2: Fielders Choice at 2nd, 4-6 (Groundball, 4M, EV 106.2 MPH) Yorkis Saiki to third
|
Batting: SHB Veit Geisler
|
0-0: Ball 1-0: Ball 2-0: Hit by Pitch Daniel Lopez to second
|
Pitching: RHP Larry Muttart
|
|
Batting: RHB Tony Garcia
|
0-0: Ball 1-0: Swinging Strike 1-1: Foul Ball, location: 2F 1-2: Foul Ball, location: 2F 1-2: Ball 2-2: GRAND SLAM HOME RUN (Flyball, 7D, EV 98.8 MPH), Distance : 385 ft
|
Batting: SHB Andres Agudo
|
0-0: Called Strike 0-1: Ball 1-1: Foul Ball, location: 2F 1-2: Fly out, F4 (Line Drive, 4M, EV 71.2 MPH)
|
Batting: SHB Manny Berrones
|
0-0: Called Strike 0-1: Ball 1-1: Ball 2-1: Fly out, F7 (Line Drive, 7, EV 96.9 MPH)
|
Top of the 7th over - 4 runs, 2 hits, 0 errors, 0 left on base; Chicago (NYP) 4 - Minnesota (NYP) 0 |
BOTTOM OF THE 7TH |
Minnesota (NYP) Twins batting - Pitching for Chicago (NYP) White Sox : LHP Dan Clausing
|
Now in RF: Steve Roepke
|
|
Batting: LHB Jose Hilario
|
0-0: Ball 1-0: Ball 2-0: Foul Ball, location: 2F 2-1: Ball 3-1: Swinging Strike 3-2: Foul Ball, location: 2F 3-2: Strikes out swinging
|
Batting: SHB Juan Aguilar
|
0-0: Ball 1-0: Foul Ball, location: 2F 1-1: Foul Ball, location: 2F 1-2: Strikes out swinging
|
Batting: LHB Ben Roth
|
0-0: Ball 1-0: Ball 2-0: Called Strike 2-1: Swinging Strike 2-2: Strikes out swinging
|
Bottom of the 7th over - 0 runs, 0 hits, 0 errors, 0 left on base; Chicago (NYP) 4 - Minnesota (NYP) 0 |
TOP OF THE 8TH |
Chicago (NYP) White Sox batting - Pitching for Minnesota (NYP) Twins : RHP Larry Muttart
|
Batting: RHB Tyrell Camp
|
0-0: Ball 1-0: Foul Ball, location: 2F 1-1: Swinging Strike 1-2: Ball 2-2: Foul Ball, location: 2F 2-2: Ball 3-2: Ground out 6-3 (Groundball, 6, EV 84.4 MPH)
|
Batting: RHB Kunimatsu Oya
|
0-0: Ball 1-0: Ball 2-0: Foul Ball, location: 2F 2-1: TRIPLE (Flyball, 78XD, EV 104.4 MPH)
|
Batting: RHB Yorkis Saiki
|
0-0: Ball 1-0: Ball 2-0: Ball 3-0: Called Strike 3-1: Swinging Strike 3-2: Foul Ball, location: 2F 3-2: Base on Balls
|
Batting: SHB Noah Long
|
0-0: Ball 1-0: Fly out, F7 (Flyball, 7, EV 85.6 MPH)
|
Batting: LHB Steve Roepke
|
0-0: Ball 1-0: Ball 2-0: Foul Ball, location: 2F 2-1: Ball 3-1: Base on Balls Yorkis Saiki to second
|
Pitching: LHP Yeijiro Kimura
|
|
Batting: SHB Veit Geisler
|
0-0: Called Strike 0-1: Ball 1-1: Ball 2-1: Called Strike 2-2: Ball Wild Pitch! Kunimatsu Oya scores Yorkis Saiki to third Steve Roepke to second 3-2: Strikes out swinging
|
Top of the 8th over - 1 run, 1 hit, 0 errors, 2 left on base; Chicago (NYP) 5 - Minnesota (NYP) 0 |
BOTTOM OF THE 8TH |
Minnesota (NYP) Twins batting - Pitching for Chicago (NYP) White Sox : LHP Dan Clausing
|
Pitching: RHP Shuuhei Watanabe
|
|
Batting: RHB David McClellan
|
0-0: Foul Ball, location: 2F 0-1: Ball 1-1: Foul Ball, location: 2F 1-2: Ball 2-2: Ball 3-2: Base on Balls
|
Batting: RHB Sergio Gomez
|
0-0: Ball 1-0: SINGLE (Groundball, 56, EV 102.5 MPH) (infield hit) David McClellan to second
|
Batting: LHB Tomas Espino
|
0-0: Foul Ball, location: 2F 0-1: Ball 1-1: Ball 2-1: Ball 3-1: SINGLE (Groundball, 5D, EV 103.8 MPH) David McClellan to third Sergio Gomez to second
|
Batting: RHB Steve Terrell
|
0-0: Ball 1-0: Ball 2-0: Foul Ball, location: 2F 2-1: Foul Ball, location: 2F 2-2: Fielders Choice at 2nd, 3-6 (Groundball, 34, EV 81.9 MPH) David McClellan scores Sergio Gomez to third
|
Batting: RHB Pat Adams
|
0-0: Called Strike 0-1: Ball 1-1: Foul Ball, location: 2F 1-2: Ball 2-2: Foul Ball, location: 2F 2-2: SINGLE (Line Drive, 34D, EV 98.1 MPH) Sergio Gomez scores Steve Terrell to second Runner from 2nd tries for 3rd, SAFE, no throw by RF
|
Batting: RHB Alexandre Garcia
|
0-0: Ball 1-0: Foul Ball, location: 2F 1-1: Ball 2-1: Fly out, F9 (Flyball, 89D, EV 101.2 MPH) Runner from 3rd tags up, SCORES, throw by RF
|
Pitching: LHP Matt Schwartz
|
|
Pinch Hitting: RHB Caleb Bockmann
|
0-0: Ball 1-0: Called Strike 1-1: Foul Ball, location: 2F 1-2: Ball 2-2: Reached on error, E5 (Groundball, 5, EV 88.1 MPH) Pat Adams to second
|
Batting: SHB Juan Aguilar
|
0-0: Called Strike 0-1: Ball Wild Pitch! Pat Adams to third Caleb Bockmann to second 1-1: Swinging Strike 1-2: Strikes out looking
|
Bottom of the 8th over - 3 runs, 3 hits, 1 error, 2 left on base; Chicago (NYP) 5 - Minnesota (NYP) 3 |
TOP OF THE 9TH |
Chicago (NYP) White Sox batting - Pitching for Minnesota (NYP) Twins : LHP Yeijiro Kimura
|
Now in CF: Steve Terrell
|
|
Now in RF: Caleb Bockmann
|
|
Batting: RHB Tony Garcia
|
0-0: Ball 1-0: Called Strike 1-1: Foul Ball, location: 2F 1-2: Foul Ball, location: 2F 1-2: Ground out 6-3 (Groundball, 6, EV 86.2 MPH)
|
Batting: SHB Andres Agudo
|
0-0: Swinging Strike 0-1: Ball 1-1: Foul Ball, location: 2F 1-2: Strikes out swinging
|
Batting: SHB Manny Berrones
|
0-0: Ground out 1-3 (Groundball, 34S, EV 67.5 MPH)
|
Top of the 9th over - 0 runs, 0 hits, 0 errors, 0 left on base; Chicago (NYP) 5 - Minnesota (NYP) 3 |
BOTTOM OF THE 9TH |
Minnesota (NYP) Twins batting - Pitching for Chicago (NYP) White Sox : LHP Matt Schwartz
|
Pitching: LHP Jonas Jennings
|
|
Now at 2B: Veit Geisler
|
|
Now at 3B: Tomas Caldera
|
|
Batting: LHB Ben Roth
|
0-0: Ball 1-0: Ball 2-0: Called Strike 2-1: Called Strike 2-2: Foul Ball, location: 2F 2-2: Strikes out swinging
|
Batting: RHB David McClellan
|
0-0: Called Strike 0-1: Foul Ball, location: 2F 0-2: Strikes out swinging
|
Batting: RHB Sergio Gomez
|
0-0: Fly out, F7 (Flyball, 78S, EV 82.5 MPH)
|
Bottom of the 9th over - 0 runs, 0 hits, 0 errors, 0 left on base; Chicago (NYP) 5 - Minnesota (NYP) 3 |
|